 Dungeon Sprint DCSS version 0.28-a0-8-g6e044cfa68 (webtiles) character file.

Game seed: 4855971653364644269

1441 mhtbhm the Blocker (level 8, -3/80 HPs)
             Began as a Minotaur Fighter on July 23, 2021.
             Was a High Priest of Qazlal.
             Slain by a deep troll (6 damage)
             ... in the Dungeon (Sprint VII: "The Pits").
             The game lasted 00:01:11 (560 turns).

mhtbhm the Blocker (Minotaur Fighter)                Turns: 560, Time: 00:01:12

Health: -3/80      AC: 20    Str: 24    XL:     8   Next: 46%
Magic:  10/11      EV:  8    Int:  5    God:    Qazlal [*****.]
Gold:   0          SH: 19    Dex:  9    Spells: 7/7 levels left

rFire   . . .      SeeInvis .   a - +3 hand axe (vorpal)
rCold   . . .      Faith    .   c - +0 kite shield
rNeg    . . .      Spirit   .   b - +2 plate armour
rPois   .          Reflect  .   (helmet restricted)
rElec   .          Harm     .   (no cloak)
rCorr   .          Rampage  .   (no gloves)
Will    .....      NoTele   +   (no boots)
Stlth   ..........              (no amulet)
HPRegen 0.23/turn               (no ring)
MPRegen 0.12/turn               (no ring)

@: protected from physical damage, repel missiles
A: horns 2, retaliatory headbutt
a: Renounce Religion, Upheaval, Elemental Force, Disaster Area


You were in the Dungeon.
You worshipped Qazlal.
Qazlal was extremely pleased with you.
You visited 1 branch

Inventory:

Hand Weapons
 a - a +3 vorpal hand axe (weapon)
Armour
 b - a +2 plate armour (worn)
 c - a +0 kite shield (worn)
Scrolls
 j - a scroll of blinking
 l - 5 scrolls of amnesia
 m - a scroll of summoning
Potions
 d - a potion of might
 e - 6 potions of curing
 f - 3 potions of heal wounds
 g - a potion of haste
 h - 4 potions of magic
 i - 3 potions of berserk rage
 k - 2 potions of invisibility


   Skills:
 + Level 10.4 Fighting
 + Level 9.5 Axes
 + Level 11.3 Armour
 + Level 4.2 Dodging
 + Level 12.1 Shields
 * Level 6.0 Invocations


You had 7 spell levels left.
You didn't know any spells.
Your spell library was empty.

Dungeon Overview and Level Annotations

Branches:
Dungeon (1/1)

Altars:
Ashenzari
Cheibriados
Dithmenos
Elyvilon
Fedhas
Gozag
Hepliaklqana
Kikubaaqudgha
Makhleb
Nemelex Xobeh
Okawaru
Qazlal
Ru
Sif Muna
Trog
Uskayaw
Vehumet
Wu Jian
Xom
Yredelemnul
Zin
The Shining One
Beogh
Jiyva
Lugonu


Innate Abilities, Weirdness & Mutations

You have a pair of horns on your head.
You reflexively headbutt those who attack you in melee.


Message History

You block the deep troll's attack. The deep troll claws you!
You block the deep troll's attack.
You closely miss the deep troll. You headbutt the deep troll!
The deep troll is severely wounded.
You hit the wight but do no damage. The deep troll barely misses you.
You block the deep troll's attack. x2; The wight hits you but does no damage.
You hit the deep troll but do no damage.
The deep troll is severely wounded.
You hit the wight but do no damage. You block the deep troll's attack.
The deep troll claws you.
You feel more protected from physical attacks.
You block the deep troll's attack. The wight barely misses you.
Unknown command.
Unknown command.
You completely miss the deep troll.
The deep troll is severely wounded.
You hit the wight. The deep troll barely misses you. The deep troll claws you.
You block the deep troll's attack. The wight closely misses you.
You hit the deep troll but do no damage.
You headbutt the deep troll, but do no damage.
The deep troll is severely wounded.
You barely miss the wight. You block the wight's attack.
The deep troll bites you!
You feel more protected from physical attacks.
The deep troll claws you!
* * * LOW HITPOINT WARNING * * *
You feel more protected from physical attacks.
The deep troll claws you but does no damage.
Unknown command.
You hit the deep troll.
The deep troll is almost dead.
You hit the wight.
Unknown command.
Unknown command.
You closely miss the deep troll. Your headbutt misses the deep troll.
The deep troll is almost dead.
You closely miss the wight. The deep troll bites you!!
* * * LOW HITPOINT WARNING * * *
You block the deep troll's attack. The deep troll claws you.
You die...

#.##'#..)..##...<...#
#.#........##.......#
#)#........##.......#
#'###########.......#
#.......#..##########
#†.###..#.######
#†......#.#....#
##.###.##z#°...#
#.......#@T°...+
#..###..#'#....#
#.......'.#....#
################


You could see a deep troll and a wight.

Vanquished Creatures
  A lindwurm (D)
  An orange demon (D)
  A warg (D)
  A floating eye (D)
  A sky beast (D)
  A necrophage (D)
  An ogre (D)
  2 wights (D)
  A jelly (D)
  An orc wizard (D)
  A gnoll (D)
  An ufetubus (D)
  A worm (D)
  2 orcs (D)
  A bat skeleton (D)
  2 endoplasms (D)
  2 giant cockroaches (D)
  2 hobgoblins (D)
  A ball python (D)
24 creatures vanquished.

Notes
Turn   | Place    | Note
-------+----------+-------------------------------------------
     0 | D        | mhtbhm the Minotaur Fighter began the quest for the Orb.
     0 | D        | Reached XP level 1. HP: 19/19 MP: 0/0
    20 | D        | Found a bloodstained altar of Trog.
    20 | D        | Found a shimmering blue altar of Sif Muna.
    20 | D        | Found a viscous altar of Jiyva.
    20 | D        | Found a hazy altar of Hepliaklqana.
    20 | D        | Found an opulent altar of Gozag.
    21 | D        | Found a glowing golden altar of the Shining One.
    21 | D        | Found a glowing silver altar of Zin.
    21 | D        | Found a basalt altar of Yredelemnul.
    21 | D        | Found a shimmering altar of Xom.
    21 | D        | Found an ornate altar of the Wu Jian Council.
    21 | D        | Found a sacrificial altar of Ru.
    21 | D        | Found a stormy altar of Qazlal.
    21 | D        | Found an iron altar of Okawaru.
    21 | D        | Found a sparkling altar of Nemelex Xobeh.
    21 | D        | Found a burning altar of Makhleb.
    21 | D        | Found a blossoming altar of Fedhas.
    21 | D        | Found a white marble altar of Elyvilon.
    21 | D        | Found a shadowy altar of Dithmenos.
    21 | D        | Found a snail-covered altar of Cheibriados.
    24 | D        | Found a corrupted altar of Lugonu.
    24 | D        | Found a radiant altar of Vehumet.
    25 | D        | Found an ancient bone altar of Kikubaaqudgha.
    25 | D        | Found a hide-covered altar of Uskayaw.
    25 | D        | Found a broken altar of Ashenzari.
    28 | D        | Became a worshipper of Qazlal Stormbringer
    70 | D        | Reached skill level 4 in Shields
    83 | D        | Reached * piety under Qazlal
    89 | D        | Noticed a floating eye
    90 | D        | Noticed an ogre
    94 | D        | Paralysed by a floating eye for 4 turns
    99 | D        | Reached XP level 2. HP: 22/28 MP: 1/1
    99 | D        | Killed a floating eye
    99 | D        | Reached ** piety under Qazlal
   100 | D        | Reached skill level 1 in Dodging
   100 | D        | Reached skill level 7 in Shields
   100 | D        | Reached XP level 3. HP: 30/38 MP: 2/2
   100 | D        | Reached XP level 4. HP: 35/45 MP: 3/3
   103 | D        | Killed an ogre
   104 | D        | Reached skill level 8 in Shields
   104 | D        | Reached XP level 5. HP: 43/53 MP: 4/4
   195 | D        | Noticed a necrophage
   201 | D        | Reached *** piety under Qazlal
   206 | D        | Reached skill level 9 in Shields
   210 | D        | Killed a necrophage
   211 | D        | Reached skill level 5 in Axes
   211 | D        | Reached XP level 6. HP: 54/63 MP: 5/5
   220 | D        | Reached **** piety under Qazlal
   254 | D        | Noticed an orange demon
   266 | D        | Killed an orange demon
   267 | D        | Reached skill level 10 in Armour
   267 | D        | Reached skill level 10 in Shields
   267 | D        | Reached XP level 7. HP: 30/71 MP: 5/8
   521 | D        | Reached ***** piety under Qazlal
   522 | D        | Reached skill level 11 in Shields
   528 | D        | Reached skill level 10 in Fighting
   536 | D        | Noticed a deep troll
   536 | D        | Noticed a lindwurm
   549 | D        | Killed a lindwurm
   550 | D        | Reached skill level 12 in Shields
   550 | D        | Reached XP level 8. HP: 53/80 MP: 9/11
   560 | D        | HP: 3/80 [deep troll (18)]
   560 | D        | Slain by a deep troll

Illustrated notes

Levels and vault maps discovered:
D:        pitsprint [storerooms_1, entrance_room_1, metal_vault_1, armoury_1,
          mini_pit_1, grid_room_1, main_hall_1, silver_pit, the_coven_1,
          the_vestibule_1, steel_vault_2, golden_pit, hallway_of_sentries,
          crystal_vault_1, iron_vault_4, final_vault]

Skill      XL: |  1  2  3  4  5  6  7 |
---------------+----------------------+-----
Fighting       | 4 6 8 9 10 | 10.4
Armour         | 4 7 8 9 10 11 | 11.3
Shields        | 4 7 8 9 10 12 | 12.1
Axes           | 3 4 5 7 9 |  9.5
Dodging        | 1 2 3 4 |  4.2
Invocations    | 3 6 |  6.0

Action                   |  1- 3 |  4- 6 |  7- 9 || total
-------------------------+-------+-------+-------++-------
Melee: Hand axe          |    13 |    28 |    37 ||    78
       War axe           |     3 |       |       ||     3
       Headbutt          |     1 |    10 |     9 ||    20
  Use: Potion            |       |       |     3 ||     3
Armor: Scale mail        |    19 |       |       ||    19
       Plate armour      |       |    13 |    26 ||    39
Dodge: Dodged            |    11 |     3 |    12 ||    26
Block: Kite shield       |    10 |    17 |    44 ||    71

Table legend: (Time is in decaauts)
 A = Elapsed time spent in this place.
 B = Non-inter-level travel time spent in this place.
 C = Inter-level travel time spent in this place.
 D = Time resting spent in this place.
 E = Time spent auto-exploring this place.
 F = Levels seen in this place.
 G = Mean time per level.
                   A        B        C        D        E       F      G
               +--------+--------+--------+--------+--------+-----+--------+
         Total |    570 |    570 |      0 |    265 |     49 |   1 |  570.0 |
       Dungeon |    570 |    570 |      0 |    265 |     49 |   1 |  570.0 |
               +--------+--------+--------+--------+--------+-----+--------+

Top non-repeatable levels by time:
       D: 570 daAuts
